Workbook

Sheet Config
A1: RatesLab Unified Model — Configuration
A3: Parameter | B3: Value | C3: Notes
A4: Default_Capital_USD | B4: 100000 | C4: Shared default capital for both simulators
A5: Overlay_Reference_Capital_USD | B5: 50000000 | C5: Capital base of the supplied scenario P&L table
A6: Overlay_Reference_Max_DD_pct | B6: 4 | C6: Reference sizing point for the overlay
A7: Min_Max_DD_pct | B7: 0.5 | C7: Minimum slider value
A8: Max_Max_DD_pct | B8: 5 | C8: Maximum slider value
A9: Max_DD_Step_pct | B9: 0.25 | C9: Slider increment
A10: Default_Rate_Shock_bps | B10: 100 | C10: Cash-to-Capital MTM default

Sheet Cash_To_Capital
A1: Cash to Capital — Product Assumptions
A3: Product | B3: Provider / Market | C3: Rate / Return % | D3: Rate Type | E3: Duration (yrs) | F3: Liquidity | G3: Is Assumed? | H3: Special Rule | I3: Source / Note | J3: Annual Income @ Shared Capital ($) | K3: DV01 @ Shared Capital ($/bp)
A4: Chase Total Checking | B4: Chase | C4: 0 | D4: APY / interest | E4: 0 | F4: Immediate | G4: No | H4: linear | I4: Representative checking-account assumption used in prototype | J4: =IF(H4="ibkr_tiered",MAX(Config!$B$4-10000,0)*(C4/100),Config!$B$4*(C4/100)) -> 0 | K4: =Config!$B$4*E4*0.0001 -> 0
A5: Chase Savings | B5: Chase | C5: 0.01 | D5: APY | E5: 0 | F5: Very high | G5: No | H5: linear | I5: Representative savings-account assumption used in prototype | J5: =IF(H5="ibkr_tiered",MAX(Config!$B$4-10000,0)*(C5/100),Config!$B$4*(C5/100)) -> 10 | K5: =Config!$B$4*E5*0.0001 -> 0
A6: IBKR Pro Cash | B6: Interactive Brokers | C6: 3.38 | D6: Headline eligible cash rate | E6: 0 | F6: Immediate | G6: No | H6: ibkr_tiered | I6: Prototype rule: first $10,000 earns 0%; eligible balance above $10,000 earns 3.38% | J6: =IF(H6="ibkr_tiered",MAX(Config!$B$4-10000,0)*(C6/100),Config!$B$4*(C6/100)) -> 3042 | K6: =Config!$B$4*E6*0.0001 -> 0
A7: Fidelity SPAXX | B7: Fidelity | C7: 3.47 | D7: 7-day annualized yield | E7: 0.1 | F7: Very high | G7: No | H7: linear | I7: Prototype annualized 7-day yield assumption | J7: =IF(H7="ibkr_tiered",MAX(Config!$B$4-10000,0)*(C7/100),Config!$B$4*(C7/100)) -> 3470 | K7: =Config!$B$4*E7*0.0001 -> 1
A8: SOFR Overnight | B8: NY Fed benchmark | C8: 3.88 | D8: Overnight secured reference rate | E8: 0 | F8: Overnight | G8: No | H8: linear | I8: Benchmark / educational comparison, not a retail deposit | J8: =IF(H8="ibkr_tiered",MAX(Config!$B$4-10000,0)*(C8/100),Config!$B$4*(C8/100)) -> 3880 | K8: =Config!$B$4*E8*0.0001 -> 0
A9: 1M U.S. Treasury Bill | B9: U.S. Treasury | C9: 4.06 | D9: Market yield | E9: 0.08 | F9: High | G9: No | H9: linear | I9: Prototype Treasury yield assumption | J9: =IF(H9="ibkr_tiered",MAX(Config!$B$4-10000,0)*(C9/100),Config!$B$4*(C9/100)) -> 4060 | K9: =Config!$B$4*E9*0.0001 -> 0.8
A10: 3M U.S. Treasury Bill | B10: U.S. Treasury | C10: 4.17 | D10: Market yield | E10: 0.24 | F10: High | G10: No | H10: linear | I10: Prototype Treasury yield assumption | J10: =IF(H10="ibkr_tiered",MAX(Config!$B$4-10000,0)*(C10/100),Config!$B$4*(C10/100)) -> 4170 | K10: =Config!$B$4*E10*0.0001 -> 2.4
A11: 10Y U.S. Treasury Note | B11: U.S. Treasury | C11: 5.24 | D11: Yield to maturity | E11: 8 | F11: High | G11: No | H11: linear | I11: Duration is an illustrative modified-duration assumption | J11: =IF(H11="ibkr_tiered",MAX(Config!$B$4-10000,0)*(C11/100),Config!$B$4*(C11/100)) -> 5240 | K11: =Config!$B$4*E11*0.0001 -> 80
A12: 30Y U.S. Treasury Bond | B12: U.S. Treasury | C12: 5.61 | D12: Yield to maturity | E12: 14.5 | F12: High | G12: No | H12: linear | I12: Duration is an illustrative modified-duration assumption | J12: =IF(H12="ibkr_tiered",MAX(Config!$B$4-10000,0)*(C12/100),Config!$B$4*(C12/100)) -> 5610 | K12: =Config!$B$4*E12*0.0001 -> 145
A13: T-Bills + Rates Overlay | B13: RatesLab illustrative strategy | C13: 8.5 | D13: Illustrative total return | E13: 1 | F13: Margin dependent | G13: Yes | H13: linear | I13: Assumed 8–9% total-return midpoint; not a fixed yield | J13: =IF(H13="ibkr_tiered",MAX(Config!$B$4-10000,0)*(C13/100),Config!$B$4*(C13/100)) -> 8500 | K13: =Config!$B$4*E13*0.0001 -> 10

Sheet Overlay_Scenarios
A1: Excess Cash Overlay — Scenario Assumptions and Shared-Capital Scaling
A3: Scenario | B3: Fed Midpoint / SOFR at Expiry % | C3: Rate Change Implied (bps) | D3: Reference Option P&L ($50m) | E3: Reference T-Bill Income ($50m) | F3: Reference Total Strategy P&L ($50m) | G3: Return on Capital % | H3: Annualized Return % | I3: Scaled Option P&L @ Shared Capital | J3: Scaled T-Bill Income @ Shared Capital | K3: Scaled Total P&L @ Shared Capital | L3: Capital Scale | M3: Source
A4: MS: 25 bps hike in Dec'26, Mar'27 | B4: 4.125 | C4: 25 | D4: 1368588 | E4: 934247 | F4: 2302834 | G4: 4.61 | H4: 9.89 | I4: =D4*L4 -> 2737.176 | J4: =E4*L4 -> 1868.494 | K4: =F4*L4 -> 4605.668 | L4: =Config!$B$4/Config!$B$5 -> 0.002 | M4: User-supplied scenario table
A5: JPM, Barclays and DB: 25bp hike Dec'26 | B5: 4.125 | C5: 25 | D5: 1368588 | E5: 934247 | F5: 2302834 | G5: 4.61 | H5: 9.89 | I5: =D5*L5 -> 2737.176 | J5: =E5*L5 -> 1868.494 | K5: =F5*L5 -> 4605.668 | L5: =Config!$B$4/Config!$B$5 -> 0.002 | M5: User-supplied scenario table
A6: GS: 25 bps hike in Oct'26 | B6: 4.125 | C6: 25 | D6: 1368588 | E6: 948630 | F6: 2317218 | G6: 4.63 | H6: 9.95 | I6: =D6*L6 -> 2737.176 | J6: =E6*L6 -> 1897.26 | K6: =F6*L6 -> 4634.436 | L6: =Config!$B$4/Config!$B$5 -> 0.002 | M6: User-supplied scenario table
A7: 75 bps hikes in 2026: BoA | B7: 4.375 | C7: 50 | D7: 1368588 | E7: 980479 | F7: 2349067 | G7: 4.7 | H7: 10.09 | I7: =D7*L7 -> 2737.176 | J7: =E7*L7 -> 1960.958 | K7: =F7*L7 -> 4698.134 | L7: =Config!$B$4/Config!$B$5 -> 0.002 | M7: User-supplied scenario table
A8: Dot Plot Scenario | B8: 4.125 | C8: 25 | D8: 1368588 | E8: 934247 | F8: 2302834 | G8: 4.61 | H8: 9.89 | I8: =D8*L8 -> 2737.176 | J8: =E8*L8 -> 1868.494 | K8: =F8*L8 -> 4605.668 | L8: =Config!$B$4/Config!$B$5 -> 0.002 | M8: User-supplied scenario table
A9: Citi: Hold'26, Cut Jun'27 | B9: 3.875 | C9: 0 | D9: 1368588 | E9: 902397 | F9: 2270985 | G9: 4.54 | H9: 9.75 | I9: =D9*L9 -> 2737.176 | J9: =E9*L9 -> 1804.794 | K9: =F9*L9 -> 4541.97 | L9: =Config!$B$4/Config!$B$5 -> 0.002 | M9: User-supplied scenario table
A10: Back-Loaded Cuts | B10: 3.875 | C10: 0 | D10: 1368588 | E10: 902397 | F10: 2270985 | G10: 4.54 | H10: 9.75 | I10: =D10*L10 -> 2737.176 | J10: =E10*L10 -> 1804.794 | K10: =F10*L10 -> 4541.97 | L10: =Config!$B$4/Config!$B$5 -> 0.002 | M10: User-supplied scenario table
A11: Extreme: Front-Loaded Hikes, 25 bps Oct,Dec'26, Jan'27 | B11: 4.625 | C11: 75 | D11: 246088 | E11: 995548 | F11: 1241636 | G11: 2.48 | H11: 5.33 | I11: =D11*L11 -> 492.176 | J11: =E11*L11 -> 1991.096 | K11: =F11*L11 -> 2483.272 | L11: =Config!$B$4/Config!$B$5 -> 0.002 | M11: User-supplied scenario table
A12: Extreme: Whipsaw +/-25 | B12: 4.125 | C12: 25 | D12: 1368588 | E12: 931849 | F12: 2300437 | G12: 4.6 | H12: 9.88 | I12: =D12*L12 -> 2737.176 | J12: =E12*L12 -> 1863.698 | K12: =F12*L12 -> 4600.874 | L12: =Config!$B$4/Config!$B$5 -> 0.002 | M12: User-supplied scenario table
A13: No change until '28 | B13: 3.875 | C13: 0 | D13: 1368588 | E13: 902397 | F13: 2270985 | G13: 4.54 | H13: 9.75 | I13: =D13*L13 -> 2737.176 | J13: =E13*L13 -> 1804.794 | K13: =F13*L13 -> 4541.97 | L13: =Config!$B$4/Config!$B$5 -> 0.002 | M13: User-supplied scenario table

Sheet Overlay_Risk_Sizing
A1: Overlay Risk Sizing — Shared Capital
A3: Max DD % | B3: DD Budget ($) | C3: Sizing Multiplier vs 4% | D3: Selected Scenario | E3: Base Option P&L @ Shared Capital | F3: Sized Option P&L | G3: T-Bill Income + Sized Overlay P&L
A4: 0.5 | B4: =Config!$B$4*A4/100 -> 500 | C4: =A4/Config!$B$6 -> 0.125 | D4: MS: 25 bps hike in Dec'26, Mar'27 | E4: =Overlay_Scenarios!I4 -> 2737.176 | F4: =E4*C4 -> 342.147 | G4: =Overlay_Scenarios!J4+F4 -> 2210.641
A5: 0.75 | B5: =Config!$B$4*A5/100 -> 750 | C5: =A5/Config!$B$6 -> 0.1875 | D5: MS: 25 bps hike in Dec'26, Mar'27 | E5: =Overlay_Scenarios!I5 -> 2737.176 | F5: =E5*C5 -> 513.2205 | G5: =Overlay_Scenarios!J5+F5 -> 2381.7145
A6: 1 | B6: =Config!$B$4*A6/100 -> 1000 | C6: =A6/Config!$B$6 -> 0.25 | D6: MS: 25 bps hike in Dec'26, Mar'27 | E6: =Overlay_Scenarios!I6 -> 2737.176 | F6: =E6*C6 -> 684.294 | G6: =Overlay_Scenarios!J6+F6 -> 2581.554
A7: 1.25 | B7: =Config!$B$4*A7/100 -> 1250 | C7: =A7/Config!$B$6 -> 0.3125 | D7: MS: 25 bps hike in Dec'26, Mar'27 | E7: =Overlay_Scenarios!I7 -> 2737.176 | F7: =E7*C7 -> 855.3675 | G7: =Overlay_Scenarios!J7+F7 -> 2816.3255
A8: 1.5 | B8: =Config!$B$4*A8/100 -> 1500 | C8: =A8/Config!$B$6 -> 0.375 | D8: MS: 25 bps hike in Dec'26, Mar'27 | E8: =Overlay_Scenarios!I8 -> 2737.176 | F8: =E8*C8 -> 1026.441 | G8: =Overlay_Scenarios!J8+F8 -> 2894.935
A9: 1.75 | B9: =Config!$B$4*A9/100 -> 1750 | C9: =A9/Config!$B$6 -> 0.4375 | D9: MS: 25 bps hike in Dec'26, Mar'27 | E9: =Overlay_Scenarios!I9 -> 2737.176 | F9: =E9*C9 -> 1197.5145 | G9: =Overlay_Scenarios!J9+F9 -> 3002.3085
A10: 2 | B10: =Config!$B$4*A10/100 -> 2000 | C10: =A10/Config!$B$6 -> 0.5 | D10: MS: 25 bps hike in Dec'26, Mar'27 | E10: =Overlay_Scenarios!I10 -> 2737.176 | F10: =E10*C10 -> 1368.588 | G10: =Overlay_Scenarios!J10+F10 -> 3173.382
A11: 2.25 | B11: =Config!$B$4*A11/100 -> 2250 | C11: =A11/Config!$B$6 -> 0.5625 | D11: MS: 25 bps hike in Dec'26, Mar'27 | E11: =Overlay_Scenarios!I11 -> 492.176 | F11: =E11*C11 -> 276.849 | G11: =Overlay_Scenarios!J11+F11 -> 2267.945
A12: 2.5 | B12: =Config!$B$4*A12/100 -> 2500 | C12: =A12/Config!$B$6 -> 0.625 | D12: MS: 25 bps hike in Dec'26, Mar'27 | E12: =Overlay_Scenarios!I12 -> 2737.176 | F12: =E12*C12 -> 1710.735 | G12: =Overlay_Scenarios!J12+F12 -> 3574.433
A13: 2.75 | B13: =Config!$B$4*A13/100 -> 2750 | C13: =A13/Config!$B$6 -> 0.6875 | D13: MS: 25 bps hike in Dec'26, Mar'27 | E13: =Overlay_Scenarios!I13 -> 2737.176 | F13: =E13*C13 -> 1881.8085 | G13: =Overlay_Scenarios!J13+F13 -> 3686.6025
A14: 3 | B14: =Config!$B$4*A14/100 -> 3000 | C14: =A14/Config!$B$6 -> 0.75 | D14: MS: 25 bps hike in Dec'26, Mar'27 | E14: =Overlay_Scenarios!I14 -> 0 | F14: =E14*C14 -> 0 | G14: =Overlay_Scenarios!J14+F14 -> 0
A15: 3.25 | B15: =Config!$B$4*A15/100 -> 3250 | C15: =A15/Config!$B$6 -> 0.8125 | D15: MS: 25 bps hike in Dec'26, Mar'27 | E15: =Overlay_Scenarios!I15 -> 0 | F15: =E15*C15 -> 0 | G15: =Overlay_Scenarios!J15+F15 -> 0
... A22: 5 | B22: =Config!$B$4*A22/100 -> 5000 | C22: =A22/Config!$B$6 -> 1.25 | D22: MS: 25 bps hike in Dec'26, Mar'27 | E22: =Overlay_Scenarios!I22 -> 0 | F22: =E22*C22 -> 0 | G22: =Overlay_Scenarios!J22+F22 -> 0

Sheet README
A1: RatesLab Unified Model — How the Website Uses This Workbook
A3: 1 | B3: Shared capital | C3: Edit Config!B4. Default is $100,000. Both simulators scale from the same amount.
A4: 2 | B4: Cash-to-Capital | C4: Edit rates, durations, liquidity and notes on Cash_To_Capital.
A5: 3 | B5: Overlay scenarios | C5: Edit the scenario table on Overlay_Scenarios. Reference P&Ls remain on the original $50m base.
A6: 4 | B6: Scaling | C6: The workbook calculates scaled overlay P&Ls using Shared Capital / $50m.
A7: 5 | B7: Drawdown | C7: The website slider uses 3% as the reference overlay sizing point and scales the overlay only.
A8: 6 | B8: Website update | C8: Replace RatesLab_Model.xlsx in the Cloudflare Pages deployment. The website reads this workbook on load.
A9: 7 | B9: Local preview | C9: The website also allows you to upload an edited RatesLab_Model.xlsx in-browser to preview changes before redeploying.
A10: 8 | B10: Important | C10: The drawdown slider is a risk-budget sizing proxy, not a realized or predicted drawdown.
A11: 9 | B11: Important | C11: The 8–9% overlay return is illustrative/assumed; it is not a fixed yield or guarantee.
A12: 10 | B12: Architecture | C12: rateslab.io can link Cash to Capital and Excess Cash Overlay under one shared portal.
